 Dungeon Crawl Stone Soup version 0.29.1-12-g30fa7ad0bf (webtiles) character file.

Game seed: 9544592652693848573

576 hawla the Chiller (level 7, 0/51 HPs)
             Began as a Meteoran Ice Elementalist on Jan 3, 2023.
             Slain by Grinder (5 damage)
             ... on level 4 of the Dungeon.
             The game lasted 00:07:39 (1136 turns).

hawla the Chiller (Meteoran Ice Elementalist)       Turns: 1136, Time: 00:07:39

Health: 0/51       AC:  9    Str:  9    XL:     7   Next: 94%
Magic:  11/14      EV: 12    Int: 25    God:
Gold:   59         SH:  0    Dex: 14    Spells: 7/15 levels left

rFire   . . .      SeeInvis .   c - +1 mace (protect)
rCold   . . .      Faith    .   (no shield)
rNeg    . . .      Spirit   .   h - +0 robe of Lugonu's Generosity {rCorr Int+5}
rPois   .          Reflect  .   (no helmet)
rElec   .          Harm     .   (no cloak)
rCorr   +          Rampage  .   (no gloves)
Will    .....                   (no boots)
Stlth   +.........              (no amulet)
HPRegen 0.17/turn               (no ring)
MPRegen 0.14/turn               (no ring)

@: under a protective aura, freezing walls, glowing
A: sense surroundings 1, otherworldly, glowing, explore regen
a: no special abilities


You were on level 4 of the Dungeon.
You visited 1 branch of the dungeon, and saw 4 of its levels.
You also visited: Ossuary.

You collected 59 gold pieces.

Inventory:

Hand Weapons
 c - a +1 mace of protection (weapon)
Armour
 h - the +0 robe of Lugonu's Generosity (worn) {rCorr Int+5}
   (You found it on level 4 of the Dungeon)

   Int:       It affects your intelligence (+5).
   rCorr:     It protects you from acid and corrosion.
Scrolls
 a - a scroll of acquirement {unknown}
 d - 7 scrolls of identify
 e - 2 scrolls of teleportation {unknown}
 l - a scroll of butterflies
 m - a scroll of blinking {unknown}
 n - a scroll of magic mapping {unknown}
Potions
 f - a potion of attraction {unknown}
 g - a potion of resistance {unknown}
 i - 2 potions of flight {unknown}
 j - 4 potions of curing {unknown}
 k - a potion of cancellation {unknown}


   Skills:
 + Level 0.4 Fighting
 + Level 1.2 Maces & Flails
 + Level 2.8 Dodging
 - Level 1.4 Stealth
 + Level 4.5 Spellcasting
 + Level 6.1 Conjurations
 + Level 6.3 Ice Magic


You had 7 spell levels left.
You knew the following spells:

 Your Spells              Type           Power      Damage    Failure   Level
a - Freeze                Ice            100%       1d11      1%          1
b - Frozen Ramparts       Ice            74%        1d12      1%          3
c - Hailstorm             Conj/Ice       36%        3d9       7%          4

Your spell library contained the following spells:

 Spells                   Type           Power      Damage    Failure   Level
 Ozocubu's Armour         Ice            37%        N/A       1%          3


Dungeon Overview and Level Annotations

Branches:
Dungeon (4/15) Zot: 1736  Ossuary (visited)
 Temple: D:4-7

Altars:

Annotations:
D:2 Terence
D:4 Grinder


Innate Abilities, Weirdness & Mutations

You passively map a small area around you.
You are easily found by Zot.
You glow in the dark.
You regain HP and MP as you explore.


Message History

The wall freezes Grinder but does no damage.
Grinder barely misses you.
You hit Grinder but do no damage.
Grinder is heavily wounded.
Grinder completely resists.
The wall freezes Grinder but does no damage.
Grinder misses you.
You closely miss Grinder.
Grinder is heavily wounded.
Grinder resists.
The wall freezes Grinder.
Grinder closely misses you.
Grinder resists.
The wall freezes Grinder.
Grinder closely misses you.
You hit Grinder.
Grinder is heavily wounded.
Grinder completely resists.
The wall freezes Grinder but does no damage.
Grinder hits you but does no damage.
Casting: Frozen Ramparts (safe; 1% risk of failure)
Confirm with . or Enter, or press ? or * to list all spells.
Aiming: Freeze (safe; 1% risk of failure)
Press: ? - help, Shift-Dir - straight line, f - Grinder
Aim: Grinder (heavily wounded)
You freeze Grinder but do no damage.
Grinder completely resists.
Grinder resists.
The wall freezes Grinder.
Grinder misses you.
Unknown command.
You hit Grinder.
Grinder is severely wounded.
Grinder completely resists.
The wall freezes Grinder but does no damage.
Grinder gestures at you. Pain shoots through your body!
You hit Grinder but do no damage.
Grinder is severely wounded.
Grinder resists.
The wall freezes Grinder.
Grinder hits you.
You writhe in agony.
* * * LOW HITPOINT WARNING * * *
The wall freezes Grinder but does no damage.
Grinder hits you!
* * * LOW HITPOINT WARNING * * *
You writhe in agony.
You die...

, * , * # * * ,,
, * * #. , ###* ,
.., , ,.. ,
*,#.## ,.# * *
#...##†# *#.5..#
,* , * #@.# **
#.## * ###.# , ,
, ## ##.#.# , #.
#. ##..#.# #.#
#.##...'.### ,..#
#..##..#...# #.#
#..##.#.#.####.
#.#
###..###........*


You could see Grinder.

Vanquished Creatures
  Menkaure (D:4)
  A sky beast (D:4)
  A jelly (D:4)
  A gnoll bouda (D:4)
  A hound (D:4)
  An iguana (D:4)
  12 mummies
  5 gnolls (D:4)
  An adder (D:3)
  2 dart slugs
  A worm (D:2)
  2 endoplasms (D:1)
  A giant cockroach (D:1)
  A hobgoblin (D:1)
  5 kobolds
  A bat (D:1)
  2 gnoll skeletons (Ossuary)
  3 goblins
  A goblin skeleton (Ossuary)
  3 kobold skeletons (Ossuary)
  2 orc skeletons (Ossuary)
  A rat (D:1)
  11 rat skeletons (Ossuary)
60 creatures vanquished.

Notes
Turn   | Place    | Note
-------+----------+-------------------------------------------
     0 | D:1      | hawla the Meteoran Ice Elementalist began the quest for the
                  | Orb.
     0 | D:1      | Reached XP level 1. HP: 14/14 MP: 5/5
    30 | D:1      | Reached XP level 2. HP: 20/20 MP: 1/6
   117 | D:2      | Noticed Terence
   125 | D:1      | Reached skill level 5 in Ice Magic
   125 | D:1      | Reached XP level 3. HP: 26/26 MP: 6/8
   129 | D:1      | Learned a level 3 spell: Frozen Ramparts
   216 | D:4      | Identified the +0 robe of Lugonu's Generosity {rCorr Int+5}
   235 | D:4      | Noticed Menkaure
   244 | D:4      | Killed Menkaure
   245 | D:4      | Reached XP level 4. HP: 33/33 MP: 9/11
   245 | D:4      | Reached XP level 5. HP: 38/38 MP: 9/12
   250 | D:4      | Learned a level 4 spell: Hailstorm
   327 | D:4      | Noticed a sky beast
   334 | D:4      | Killed a sky beast
   335 | D:4      | Reached XP level 6. HP: 11/45 MP: 2/13
   417 | D:4      | Reached XP level 7. HP: 37/50 MP: 3/14
   625 | D:4      | Found a sand-covered staircase.
   633 | Ossuary  | Entered an ossuary
   664 | Ossuary  | Reached skill level 5 in Conjurations
  1106 | Ossuary  | Glimpsed the power of Zot.
  1120 | D:4      | Noticed Grinder
  1126 | D:4      | Reached skill level 1 in Maces & Flails
  1136 | D:4      | Slain by Grinder

Illustrated notes

Levels and vault maps discovered:
D:1:      eino_arrival_druids_welcome, layout_loops_ring,
          ebering_ecumenical_altar_petrified, hangedman_decor_push
D:2:      layout_basic, uniq_terence, uniq_robin
D:3:      layout_basic, lemuel_round_altar, lemuel_doored_altar,
          mainiacjoe_overflow_two_lobes, grunt_dithmenos_smoke_and_mirrors,
          minmay_misc_feat_hallway
D:4:      layout_basic, gup_ossuary_entry_pyramid, uniq_menkaure, uniq_grinder

Skill      XL: |  1  2  3  4  5  6  7 |
---------------+----------------------+-----
Spellcasting   | 3 4 |  4.5
Ice Magic      | 5 6 |  6.3
Conjurations   | 3 4 6 |  6.1
Maces & Flails | 1 |  1.2
Fighting       | |  0.4
Dodging        | |  2.8
Stealth        | |  1.4

Action                   |  1- 3 |  4- 6 |  7- 9 || total
-------------------------+-------+-------+-------++-------
Melee: Unarmed           |     6 |     1 |       ||     7
       Mace              |       |       |    83 ||    83
 Cast: Freeze            |    22 |     3 |     2 ||    27
       Frozen Ramparts   |       |     2 |     4 ||     6
       Hailstorm         |       |     1 |    20 ||    21
  Use: Scroll            |     3 |       |       ||     3
       Potion            |     1 |     1 |     1 ||     3
Armor: Robe              |     4 |     1 |    15 ||    20
       Skin              |     3 |       |       ||     3
Dodge: Dodged            |    12 |     1 |    40 ||    53
